 Dungeon Crawl Stone Soup version 0.29-a0-334-gb41bcbb86e (webtiles) character file.

Game seed: 9968412293186944009

56 Antichthon the Grasshopper (level 3, 0/32 HPs)
             Began as a Naga Warper on Apr 13, 2022.
             Succumbed to an adder's poison
             ... on level 2 of the Dungeon.
             The game lasted 00:02:44 (2734 turns).

Antichthon the Grasshopper (Naga Warper)            Turns: 2734, Time: 00:02:44

Health: 0/32       AC:  2    Str: 13    XL:     3   Next: 97%
Magic:  6/6        EV:  9    Int: 13    God:
Gold:   80         SH:  0    Dex: 12    Spells: 1/6 levels left

rFire   . . .      SeeInvis +   a - +0 hand axe
rCold   . . .      Faith    .   (no shield)
rNeg    . . .      Spirit   .   i - +0 leather armour
rPois   +          Reflect  .   (no helmet)
rElec   .          Harm     .   (no cloak)
rCorr   .          Rampage  .   (no gloves)
Will    .....                   (no barding)
Stlth   +.........              (no amulet)
HPRegen 0.10/turn               (no ring)
MPRegen 0.10/turn               (no ring)

@: lethally poisoned (0 -> -7), very slow
A: AC +1, large, see invisible, deformed body, poison resistance, slowness 2,
spit poison 1, naga tail 1
a: Spit Poison


You were on level 2 of the Dungeon.
You visited 1 branch of the dungeon, and saw 3 of its levels.

You collected 80 gold pieces.

Inventory:

Hand Weapons
 a - a +0 hand axe (weapon)
 b - a +0 hunting sling
Missiles
 d - 7 boomerangs of dispersal (quivered)
Armour
 i - a +0 leather armour (worn)
Scrolls
 c - a scroll of blinking
 e - 2 scrolls of fog {unknown}
 f - 3 scrolls of teleportation {unknown}
 h - 3 scrolls of enchant weapon {unknown}
Potions
 g - a potion of mutation {unknown}
 j - 2 potions of resistance {unknown}


   Skills:
 * Level 2.1 Fighting
 * Level 2.1 Axes
 * Level 0.4(0.7) Slings
 - Level 0.8(1.0) Throwing
 * Level 1.5 Armour
 * Level 1.7 Dodging
 * Level 1.0 Stealth
 * Level 0.1 Shields
 * Level 2.2 Spellcasting
 * Level 3.2 Translocations
 * Level 0.6 Transmutations
 * Level 0.6 Earth Magic
 * Level 0.3 Invocations


You had one spell level left.
You knew the following spells:

 Your Spells              Type           Power      Damage    Failure   Level
a - Blink                 Tloc           18%        N/A       13%         2
b - Teleport Other        Tloc           9%         N/A       26%         3

Your spell library contained the following spells:

 Spells                   Type           Power      Damage    Failure   Level
 Gell's Gravitas          Tloc           9%         N/A       26%         3
 Lesser Beckoning         Tloc           9%         N/A       26%         3
 Corpse Rot               Necr/Air       2%         N/A       43%         2
 Poisonous Vapours        Pois/Air       2%         N/A       43%         2
 Manifold Assault         Tloc           9%         N/A       93%         5


Dungeon Overview and Level Annotations

Branches:
Dungeon (3/15)

Altars:
Xom


Innate Abilities, Weirdness & Mutations

Your serpentine skin is tough. (AC +1)
You have supernaturally acute eyesight. (SInv)
Armour fits poorly on your strangely shaped body.
Your system is resistant to poisons. (rPois)
You cover ground very slowly.
You can spit poison.
You have a snake-like lower body.


Message History

You climb upwards.
There is a stone staircase leading down, spattered with blood here.
You closely miss the frilled lizard. You closely miss the adder.
You hit the adder but do no damage. The adder bites you but does no damage.
The adder bites you.
The frilled lizard bites you but does no damage.
You hit the frilled lizard.
You kill the frilled lizard!
You hit the adder. You closely miss the adder.
The adder bites you but does no damage. The adder bites you.
The adder misses you. The adder bites you but does no damage.
You barely miss the adder.
The adder is lightly wounded.
You closely miss the adder. The adder bites you. The adder closely misses you.
Aiming: Spit Poison (2% risk of failure)
Press: ? - help, Shift-Dir - straight line, f - adder
Aim: an adder (37% to hit)
The splash of poison misses the adder.
The adder barely misses you. The adder bites you. x2
* * * LOW HITPOINT WARNING * * *
Unknown command.
You hit the adder.
The adder is lightly wounded.
You completely miss the adder. The adder bites you.
* * * LOW HITPOINT WARNING * * *
The adder barely misses you. The adder closely misses you.
You barely miss the adder.
The adder is lightly wounded.
You completely miss the adder.
You have got your breath back.
The adder bites you.
* * * LOW HITPOINT WARNING * * *
The adder bites you but does no damage. The adder bites you.
* * * LOW HITPOINT WARNING * * *
You are lethally poisoned!
The adder poisons you! The adder barely misses you.
You miss the adder.
The adder is lightly wounded.
You barely miss the adder.
You die...

#.###..####......#.............#.
#.....###.########....####.####..
..........##............##.####..
.##.##########........#.##...#...
.##.###### #........#.##......#
..#......# ##.#######..#.......
...#.....# #..# ##.........
#..#.....# ##S# ##........
#..#.....### #@### #.........
##.........## #(S.#####.........
........<#..# ####...............
............###....#####.#.......
...#..........###.....#..........
...........>...###......#........
.....###..#..#..###.....#........
...#............###..............
...##............................


You could see 2 adders.

Vanquished Creatures
  2 adders (D:2)
  A dart slug (D:2)
  An orc (D:2)
  An endoplasm (D:2)
  A giant cockroach (D:1)
  4 goblins
  3 hobgoblins
  3 kobolds
  4 quokkas
  A ball python (D:1)
  5 bats
  3 frilled lizards
  6 rats
35 creatures vanquished.

Notes
Turn   | Place    | Note
-------+----------+-------------------------------------------
     0 | D:1      | Antichthon the Naga Warper began the quest for the Orb.
     0 | D:1      | Reached XP level 1. HP: 19/19 MP: 3/3
   425 | D:1      | Reached XP level 2. HP: 16/26 MP: 5/5
   437 | D:1      | Reached skill level 1 in Armour
  1488 | D:2      | Reached XP level 3. HP: 20/32 MP: 6/6
  1491 | D:2      | Learned a level 2 spell: Blink
  1495 | D:2      | Learned a level 3 spell: Teleport Other
  1610 | D:2      | Found a faded altar of an unknown god.
  1667 | D:2      | Found a shimmering altar of Xom.
  1677 | D:2      | Reached skill level 1 in Stealth
  2734 | D:2      | Succumbed to an adder's poison

Illustrated notes

Levels and vault maps discovered:
D:1:      dpeg_arrival_concentric_ovals, layout_basic
D:2:      layout_rooms, hellmonk_ecumenical_altar_pennies_from_heaven,
          basic_altar, kennysheep_big_empty_room, kennysheep_generic_room_12
D:3:      layout_loops_ring, tgw_kikubaaqudgha, roderic_roman_lattice,
          minmay_misc_feat_four_crosses, supply_closet_lemuel,
          minmay_misc_feat_nine_boxes, minmay_fractal_squares_diagonal_5,
          uniq_jessica

Skill      XL: |  1  2  3 |
---------------+----------+-----
Armour         | 1 |  1.5
Stealth        | 1 |  1.0
Fighting       | |  2.1
Axes           | |  2.1
Slings         | |  0.4
Throwing       | |  0.8
Dodging        | |  1.7
Shields        | |  0.1
Spellcasting   | |  2.2
Translocations | |  3.2
Transmutations | |  0.6
Earth Magic    | |  0.6
Invocations    | |  0.3

Action                   || total
-------------------------++-------
Melee: Hand axe          ||   105
 Abil: Spit Poison       ||     6
Armor: Leather armour    ||    45
Dodge: Dodged            ||   107

Table legend: (Time is in decaauts)
 A = Elapsed time spent in this place.
 B = Non-inter-level travel time spent in this place.
 C = Inter-level travel time spent in this place.
 D = Time resting spent in this place.
 E = Time spent auto-exploring this place.
 F = Levels seen in this place.
 G = Mean time per level.
                   A        B        C        D        E       F      G
               +--------+--------+--------+--------+--------+-----+--------+
         Total |   3175 |   3096 |     79 |    239 |   2556 |   3 | 1058.3 |
       Dungeon |   3175 |   3096 |     79 |    239 |   2556 |   3 | 1058.3 |
               +--------+--------+--------+--------+--------+-----+--------+

Top non-repeatable levels by time:
     D:1: 1724 daAuts
     D:2: 1441 daAuts
     D:3: 9 daAuts
